 Dungeon Crawl Stone Soup version 0.19-a0-1008-g4c63d25 (webtiles) character file.

817 Implojin the Grappler (level 7, -3/57 HPs)
             Began as a Minotaur Fighter on July 21, 2016.
             Slain by an orc warrior
             ... wielding a +0 halberd
              (8 damage)
             ... in a bailey.
             The game lasted 00:10:14 (1507 turns).

Implojin the Grappler (Minotaur Fighter)            Turns: 1507, Time: 00:10:14

Health: -3/57      AC: 10    Str: 21    XL:     7   Next: 62%
Magic:  15/15      EV:  5    Int:  5    God:
Gold:   14         SH:  9    Dex: 11    Spells: 0 memorised, 6 levels left

rFire  . . .     SeeInvis .       - Unarmed
rCold  . . .     Gourm    .     k - +0 chain mail
rNeg   + . .     Faith    .     b - +0 shield
rPois  .         Spirit   .     (helmet restricted)
rElec  .         Dismiss  .     (no cloak)
rCorr  .         Reflect  .     m - +0 pair of gloves
SustAt .         Harm     .     (no boots)
MR     .....                    (no amulet)
Stlth  ..........               p - ring of magical power
                                f - ring of positive energy

@: not resistant to hostile enchantments, extremely unstealthy
A: retaliatory headbutt, horns 2
a: no special abilities


You were in a bailey.
You were not hungry.

You visited 2 branches of the dungeon, and saw 11 of its levels.
You also visited: Bailey.

You collected 14 gold pieces.

Inventory:

Hand Weapons
 q - a +0 blowgun
 v - a +0 long sword of holy wrath
Missiles
 r - 14 poisoned needles
Armour
 a - a +0 scale mail
 b - a +0 shield (worn)
 k - a +0 chain mail (worn)
 m - a +0 pair of gloves (worn)
Jewellery
 f - a ring of positive energy (left hand)
 p - a ring of magical power (right hand)
Scrolls
 e - a scroll of random uselessness {unknown}
 h - a scroll of magic mapping
 i - a scroll of noise
 n - a scroll of amnesia {unknown}
 o - a scroll of teleportation
 t - a scroll of remove curse
 x - a scroll of fog {unknown}
 y - a scroll of identify
Potions
 c - a potion of curing
 g - a potion of agility {unknown}
 j - a potion of magic
 s - a potion of flight
 u - a potion of ambrosia {unknown}
 w - a potion of invisibility {unknown}
Comestibles
 d - 2 bread rations
 l - 2 meat rations


   Skills:
 - Level 3.6 Fighting
 - Level 3.6 Armour
 - Level 3.6 Shields
 * Level 9.6 Unarmed Combat


You had 6 spell levels left.
You didn't know any spells.

Dungeon Overview and Level Annotations

Branches:
Dungeon (10/15)            Temple (1/1) D:6
   Lair: D:8-11         Orc: D:9-12

Altars:
Dithmenos
Fedhas
Gozag
Kikubaaqudgha
Makhleb
Pakellas
Qazlal
Ru
Sif Muna
Trog
Uskayaw
Vehumet
Xom
Yredelemnul
Zin
The Shining One

Annotations:
D:9 Maurice


Innate Abilities, Weirdness & Mutations

You reflexively headbutt those who attack you in melee.
You have a pair of horns on your head.


Message History

You block the giant frog's attack.
You punch the giant frog!
The giant frog is almost dead.
The giant frog hits you. You block the giant frog's attack.
You barely miss the giant frog. You headbutt the giant frog.
You kill the giant frog!
The killer bee buzzes angrily.
Found a bardiche.
Found a flagged portal.
The killer bee buzzes angrily.
The killer bee buzzes angrily.
There is a flagged portal here.
You start eating one of the 3 bread rations.
You continue eating. x2
You finish eating.
That bread ration really hit the spot!
Unknown command.
The world spins around you as you enter the gateway.
Welcome back to a bailey!
The orc warrior shouts!
The orc shouts! x2; The orc warrior shouts!
Found two gates leading back out of this place.
There is an empty arch of ancient stone here.
Unknown command.
Unknown command.
The orc warrior shouts!
The orc shouts! x2; The orc warrior shouts! x2
You block the orc warrior's attack.
The orc warrior hits you from afar with a trident!
The orc hits you from afar with a spear.
You block the orc warrior's attack.
The orc warrior hits you but does no damage.
The orc warrior hits you from afar with a halberd.
The orc warrior barely misses you.
The orc warrior hits you from afar with a halberd!!
* * * LOW HITPOINT WARNING * * *
The orc warrior hits you from afar with a halberd!
* * * LOW HITPOINT WARNING * * *
You open the door. 2 orc warriors come into view.
The orc warrior shouts! x2
The orc warrior hits you from afar with a halberd!
You die...

# ### ##o
#########∩## #..
##.....##.∩.# .
#!..#..≈≈≈..#...#..≈
#...#.≈≈o≈≈.......≈≈o
#o..'.≈ooo≈.......≈oo
#@≈≈o≈≈.......≈≈o≈
#..≈≈≈..#...#..≈≈≈
##.....##...##....
#########∩## #### ##


You could see 5 orc warriors and 2 orcs.

Vanquished Creatures
  3 ogres
  A big kobold (D:7)
  2 giant frogs
  3 hounds (D:7)
  An orc priest (D:4)
  2 iguanas
  Ijyb (D:4)
  3 worker ants
  4 adders
  2 oozes
  An adder zombie (D:7)
  An adder skeleton (D:4)
  A dart slug (D:4)
  2 orcs (D:4)
  2 ball pythons (D:4)
  8 goblins
  2 hobgoblins (D:2)
  3 jackals (D:4)
  6 kobolds (D:7)
  A quokka (D:4)
49 creatures vanquished.

Notes
Turn   | Place    | Note
-------+----------+-------------------------------------------
     0 | D:1      | Implojin the Minotaur Fighter began the quest for the Orb.
     0 | D:1      | Reached XP level 1. HP: 19/19 MP: 0/0
    64 | D:2      | Reached skill level 3 in Unarmed Combat
    67 | D:2      | Reached XP level 2. HP: 26/26 MP: 1/1
   202 | D:4      | Noticed an ogre
   217 | D:4      | Killed an ogre
   217 | D:4      | Reached skill level 5 in Unarmed Combat
   217 | D:4      | Reached XP level 3. HP: 9/31 MP: 2/2
   217 | D:4      | Reached XP level 4. HP: 11/39 MP: 3/3
   321 | D:4      | Noticed Ijyb
   348 | D:4      | Killed Ijyb
   348 | D:4      | Reached XP level 5. HP: 17/45 MP: 4/4
   483 | D:5      | Entered Level 5 of the Dungeon
   497 | D:5      | Noticed a sky beast
   568 | D:4      | Reached skill level 6 in Unarmed Combat
   581 | D:4      | Found a shadowy altar of Dithmenos.
   583 | D:4      | Found a radiant altar of Vehumet.
   586 | D:4      | Found a hide-covered altar of Uskayaw.
   596 | D:4      | Noticed an ogre
   605 | D:4      | Killed an ogre
   645 | D:4      | Reached skill level 7 in Unarmed Combat
   645 | D:4      | Reached XP level 6. HP: 11/51 MP: 5/5
   930 | D:5      | Noticed a hungry ghost
  1038 | D:6      | Found a staircase to the Ecumenical Temple.
  1048 | Temple   | Entered the Ecumenical Temple
  1105 | D:6      | Reached skill level 8 in Unarmed Combat
  1134 | D:7      | Reached XP level 7. HP: 38/57 MP: 6/6
  1199 | D:7      | Reached skill level 9 in Unarmed Combat
  1205 | D:7      | Found a glowing golden altar of the Shining One.
  1343 | D:10     | Entered Level 10 of the Dungeon
  1442 | D:9      | Noticed Maurice
  1483 | D:8      | Found a flagged portal.
  1496 | Bailey   | Entered a bailey
  1507 | Bailey   | Slain by an orc warrior

Vault maps used:
D:1:      minmay_arrival_four_houses
D:2:      old_standard_altar
D:3:      minmay_randomly_rotated_circles, uniq_grinder
D:4:      kennysheep_goblin_castle, nicolae_overflow_hidden_temple
D:5:      first_bread, corexii_item_surrounded_by_moat
D:7:      cheibriados_altar_wand_db, tso_metal_star
D:8:      gammafunk_temple_overflow_pools, enter_bailey_8,
          nicolae_dithmenos_shadow_blocks
D:9:      uniq_maurice
D:10:     serial_shops, nicolae_shop_stone, hangedman_ranch,
          jmf_multi_god_temple
Temple:   nicolae_temple_god_jail
Bailey:   bailey_polearm_4, bailey

Skill      XL: |  1  2  3  4  5  6  7 |
---------------+----------------------+-----
Unarmed Combat | 3 5 7 8 9 |  9.6
Fighting       | |  3.6
Armour         | |  3.6
Shields        | |  3.6

Action                   |  1- 3 |  4- 6 |  7- 9 || total
-------------------------+-------+-------+-------++-------
Melee: Unarmed           |    30 |   119 |    61 ||   210
       Headbutt          |     4 |    16 |    11 ||    31
  Use: Potion            |     1 |     1 |       ||     2
       Scroll            |       |     3 |     4 ||     7
  Eat: Bread ration      |       |       |     1 ||     1
       Chunk             |       |       |     1 ||     1
Armor: Scale mail        |    14 |    30 |       ||    44
       Chain mail        |       |    17 |    34 ||    51
       Skin              |       |    12 |       ||    12
Dodge: Dodged            |    14 |    30 |     5 ||    49
Block: Shield            |    20 |    56 |    35 ||   111

Table legend:
 A = Turns spent in this place as a percentage of turns spent in the entire game.
 B = Non-inter-level travel turns spent in this place as a percentage of non-inter-level travel turns spent in the entire game.
 C = Inter-level travel turns spent in this place as a percentage of turns spent in this place.
 D = Turns resting spent in this place as a percentage of non-inter-level travel turns spent in this place.
 E = Turns spent auto-exploring this place as a percentage of non-inter-level travel turns spent in this place.
 F = Non-inter-level travel turns spent in this place divided by the number of levels of this place that you've seen.
                   A       B       C       D       E      F
               +-------+-------+-------+-------+-------+----------------------
         Total | 100.0 | 100.0 |   0.0 |   0.3 |   0.0 | 128.1
       Dungeon |  95.8 |  95.8 |   0.0 |   0.3 |   0.0 | 147.3
        Temple |   3.4 |   3.4 |   0.0 |   0.0 |   0.0 |  52.0
        Bailey |   0.8 |   0.8 |   0.0 |   0.0 |   0.0 |  12.0
               +-------+-------+-------+-------+-------+----------------------

Table legend:
 A = Kills in this place as a percentage of kills in entire the game.
 B = Kills by you in this place as a percentage of kills by you in the entire game.
 C = Kills by friends in this place as a percentage of kills by friends in the entire game.
 D = Other kills in this place as a percentage of other kills in the entire game.
 E = Experience gained in this place as a percentage of experience gained in the entire game.
 F = Experience gained in this place divided by the number of levels of this place that you have seen.
                   A       B       C       D       E      F
               +-------+-------+-------+-------+-------+----------------------
         Total | 100.0 | 100.0 |  -nan |  -nan | 100.0 |  97.3
       Dungeon | 100.0 | 100.0 |  -nan |  -nan | 100.0 | 116.8
               +-------+-------+-------+-------+-------+----------------------
